 Dungeon Crawl Stone Soup version 0.32-a0-120-gfac0567ad4 (webtiles) character file.

Game seed: 10539752577320603359

92117 Sobieck the Zephyrmancer (level 16, 0/140 (158) HPs)
             Began as an Oni Air Elementalist on Feb 6, 2024.
             Was a High Priest of Vehumet.
             Slain by an ettin
             ... wielding a +0 dire flail
              (2 damage)
             ... on level 1 of the Orcish Mines.
             The game lasted 01:17:03 (32877 turns).

Sobieck the Zephyrmancer (Oni Air Elementalist)    Turns: 32877, Time: 01:17:03

HP:   0/140 (158)   AC:  9    Str: 16    XL:     16   Next: 5%
MP:   27/39         EV: 10    Int: 20    God:    Vehumet [*****.]
Gold: 1430          SH: 12    Dex:  9    Spells: 9/35 levels left

rFire   . . .        q - +1 short sword (elec)
rCold   + . .        y - +2 kite shield
rNeg    . . .        G - +0 steam dragon scales
rPois   .            L - +2 hat
rElec   .            v - +0 cloak
rCorr   .            (gloves unavailable)
SInv    .            (boots unavailable)
Will    +....        U - amulet of magic regeneration
Stlth   +++          g - ring of magical power
HPRegen 0.43/turn    x - ring of protection from cold
MPRegen 0.66/turn

%: no passive effects
@: heavily drained
A: large, unfitting armour, horns 1, tough skin 1, double potion healing,
drunken brawling, dopey 1
a: Renounce Religion


You were on level 1 of the Orcish Mines.
You worshipped Vehumet.
Vehumet was extremely pleased with you.
You visited 4 branches of the dungeon, and saw 22 of its levels.

You collected 1685 gold pieces.
You spent 255 gold pieces at shops.

Inventory:

Hand Weapons
 q - a +1 short sword of electrocution (weapon)
Missiles
 b - 5 throwing nets
 f - 12 poisoned darts
 C - 12 javelins
 I - 5 curare-tipped darts
 N - 2 datura-tipped darts
 S - 5 silver javelins
 T - 28 large rocks
Armour
 v - a +0 cloak (worn)
 y - a +2 kite shield (worn)
 G - +0 steam dragon scales (worn)
 L - a +2 hat (worn)
 Y - an orb of energy
Jewellery
 g - a ring of magical power (left hand)
 j - a ring of positive energy
 n - a ring of positive energy
 s - the amulet "Ynixu" {Will+ Regen+ rCorr Str-2 Dex+4}
   (You found it on level 8 of the Dungeon)

   [amulet of regeneration]

   Str-2:     It affects your strength (-2).
   Dex+4:     It affects your dexterity (+4).
   Will+:     It increases your willpower.
   Regen+:    It increases your rate of health regeneration.
   rCorr:     It protects you from acid and corrosion.
 t - the ring of Quddef {rF+ Int+2}
   (You found it on level 4 of the Lair of Beasts)

   [ring of protection from fire]

   Int+2:     It affects your intelligence (+2).
   rF+:       It protects you from fire.
 x - a ring of protection from cold (right hand)
 D - a +6 ring of intelligence
 K - a ring of flight
 U - an amulet of magic regeneration (around neck)
 V - an amulet of reflection
 W - an amulet of guardian spirit
Wands
 a - a wand of digging (7)
 o - a wand of flame (85)
 H - a wand of quicksilver (18)
 J - a wand of roots (16)
 M - a wand of mindburst (5)
 X - a wand of polymorph (3)
Scrolls
 d - 2 scrolls of noise
 l - 3 scrolls of amnesia
 m - 4 scrolls of teleportation
 p - 5 scrolls of silence
 r - 2 scrolls of immolation
 w - 2 scrolls of vulnerability
 z - 6 scrolls of enchant armour
 O - 2 scrolls of poison
 P - a scroll of fog
 R - 6 scrolls of identify
 Z - a scroll of fear
Potions
 c - 3 potions of enlightenment
 e - a potion of lignification
 h - 8 potions of might
 i - 2 potions of heal wounds
 k - a potion of resistance
 u - 5 potions of attraction
 A - 2 potions of mutation
 B - 4 potions of brilliance
 E - 2 potions of ambrosia
 F - 9 potions of curing
 Q - a potion of haste


   Skills:
 - Level 10.0 Fighting
 - Level 8.0 Dodging
 - Level 5.0 Stealth
 - Level 10.0 Shields
 - Level 10.0 Spellcasting
 - Level 12.0 Conjurations
 - Level 5.0 Translocations
 + Level 4.6 Fire Magic
 - Level 13.0 Air Magic
 - Level 7.0 Alchemy


You had 9 spell levels left.
You knew the following spells:

 Your Spells              Type           Power      Damage    Failure   Level
a - Arcjolt               Conj/Air       28%        1d38      1%          5
b - Fireball              Conj/Fire      21%        3d10      3%          5
c - Swiftness             Air            58%        N/A       1%          3
d - Airstrike             Air            29%        2d(5-21)  1%          4
e - Iskenderun's Mystic   Conj/Tloc      44%        2d10      1%          4
f - Irradiate             Conj/Alch      24%        3d19      2%          5

Your spell library contained the following spells:

 Spells                   Type           Power      Damage    Failure   Level
 Apportation              Tloc           60%        N/A       1%          1
 Kiss of Death            Conj/Necr      100%       2d13      1%          1
 Magic Dart               Conj           100%       1d8       1%          1
 Shock                    Conj/Air       100%       1d9       1%          1
 Sting                    Conj/Alch      100%       1d9       1%          1
 Mercury Vapours          Alch/Air       100%       N/A       1%          2
 Momentum Strike          Conj/Tloc      88%        3d10      1%          2
 Scorch                   Fire           56%        2d7       1%          2
 Searing Ray              Conj           100%       2d8       1%          2
 Static Discharge         Conj/Air       100%       3-8/arc   1%          2
 Hailstorm                Conj/Ice       34%        3d8       1%          3
 Flame Wave               Conj/Fire      43%        2d11      1%          4
 Fulminant Prism          Conj/Alch      24%        3d12      1%          4
 Blink                    Tloc           60%        N/A       2%          2
 Lesser Beckoning         Tloc           60%        N/A       2%          2
 Olgreb's Toxic Radiance  Alch           38%        N/A       2%          4
 Vhi's Electric Charge    Tloc/Air       92%        N/A       3%          4
 Conjure Ball Lightning   Conj/Air       28%        3x3d8     3%          6
 Freeze                   Ice            40%        1d6       4%          1
 Frozen Ramparts          Ice            20%        1d4       12%         3
 Necrotise                Necr           40%        1d6       14%         1
 Jinxbite                 Hex            20%        N/A       22%         2
 Alistair's Intoxication  Alch           25%        N/A       22%         5
 Eringya's Noxious Bog    Alch           19%        4d6       30%         6
 Confusing Touch          Hex            10%        N/A       41%         3
 Tukima's Dance           Hex            10%        N/A       41%         3
 Vampiric Draining        Necr           10%        2d6       41%         3
 Dimensional Bullseye     Hex/Tloc       10%        N/A       45%         4
 Maxwell's Capacitive Co  Air            29%        ∞         71%         8
 Dispel Undead            Necr           10%        3d9       82%         4
 Martyr's Knell           Necr/Summ      10%        N/A       82%         4
 Summon Forest            Summ/Tloc      10%        N/A       82%         5
 Borgnjor's Vile Clutch   Necr/Erth      5%         N/A       99%         5
 Curse of Agony           Necr           10%        N/A       99%         5
 Summon Cactus Giant      Summ           5%         N/A       100%        6
 Summon Hydra             Summ           5%         N/A       100%        7


Dungeon Overview and Level Annotations

Branches:
Dungeon (15/15)            Temple (1/1) D:4            Lair (5/5) D:8
 Shoals (0/4) Lair:3       Spider (0/4) Lair:3        Slime (0/5) Lair:4
    Orc (1/2) D:12         Vaults (0/5) D:14         Depths (0/4) D:15

Altars:
Ashenzari
Cheibriados
Dithmenos
Elyvilon
Fedhas
Gozag
Hepliaklqana
Kikubaaqudgha
Makhleb
Nemelex Xobeh
Okawaru
Qazlal
Ru
Sif Muna
Trog
Uskayaw
Vehumet
Wu Jian
Xom
Yredelemnul
Zin
The Shining One
Jiyva
Lugonu

Shops:
D:7 !(   D:15 [

Portals:
Abyss: Lair:5
Trove: D:15 (show slimy rune of Zot)

Annotations:
D:4 2 transporters, ranchalot's ghost, novice OnEE
D:8 3 runed translucent doors, petzl's ghost, weakling FoDe


Innate Abilities, Weirdness & Mutations

You are too large for most types of armour.
You have a pair of small horns on your head.
You have tough skin. (AC +1)
You gain doubled healing and magic from potions.
Whenever you drink a healing potion, you attack all around you.
You are dopey. (Int -2)


Message History

Casting: Arcjolt (mildly dangerous; 1% risk of failure)
Confirm with . or Enter, or press ? or * to list all spells.
Electricity surges outward!
The ogre is struck by an electric surge!!
You kill the ogre!
Vehumet accepts your kill.
You feel your power returning.
Unknown command.
You now have 1374 gold pieces (gained 12).
You now have 1379 gold pieces (gained 5).
Found a stone staircase leading down.
You now have 1406 gold pieces (gained 27).
You now have 1430 gold pieces (gained 24).
Found an escape hatch in the floor.
An ettin comes into view.
It is wielding a +0 dire flail and a +0 great mace of draining.
Unknown command.
The ettin shouts in stereo!
The ettin hits you with a +0 dire flail!!
The ettin hits you with a +0 great mace of draining!!
* * * LOW HITPOINT WARNING * * *
You feel drained.
* * * LOW HITPOINT WARNING * * *
Casting: Arcjolt (mildly dangerous; 1% risk of failure)
Confirm with . or Enter, or press ? or * to list all spells.
Electricity surges outward!
The ettin is struck by an electric surge!
The ettin is moderately wounded.
You block the ettin's attack. x2
Unknown command.
Casting: Arcjolt (mildly dangerous; 1% risk of failure)
Confirm with . or Enter, or press ? or * to list all spells.
Electricity surges outward!
The ettin is struck by an electric surge.
The ettin is moderately wounded.
The ettin hits you with a +0 dire flail!!!
* * * LOW HITPOINT WARNING * * *
The ettin hits you with a +0 great mace of draining!!
* * * LOW HITPOINT WARNING * * *
You feel drained.
* * * LOW HITPOINT WARNING * * *
Unknown command.
Casting: Arcjolt (mildly dangerous; 1% risk of failure)
Confirm with . or Enter, or press ? or * to list all spells.
You erupt in a blast of force!
The mystic blast hits the ettin!
The ettin is heavily wounded.
You block the ettin's attack.
The ettin hits you with a +0 great mace of draining.
* * * LOW HITPOINT WARNING * * *
You feel drained.
You die...

####...#.## #...
##....#....####...
#..>........#.....
###...#....#.#....
#.......##......
##.....#.....##.
##.............#.
##............^..#
#@....#...........
#C##..............#
...
#.....#.>....###
#... .###..##.....#
..... . #..#......#
...... .
#.##....... ##.....
...#.#... ##....


You could see an ettin.

Vanquished Creatures
  Rupert (Lair:4)
  Kirke (Lair:3)
  Gastronok (Lair:3)
  A frost giant (D:15)
  A fire dragon (D:15)
  A rakshasa (D:15)
  4 vault guards (D:14)
  6 hydras
  Harold (Lair:1)
  3 boulder beetles
  5 centaur warriors
  An ogre mage (D:15)
  2 two-headed ogres
  An orc high priest (Orc:1)
  2 thrashing horrors (Lair:5)
  3 tengu warriors
  Sonja (D:10)
  3 skeletal warriors (D:14)
  A skyshark (Lair:3)
  A large abomination (Lair:5)
  An orb spider (Lair:3)
  2 arcanists
  4 lindwurms (Lair:4)
  Pikel (D:7)
  3 deep elf pyromancers
  3 orc knights
  6 cyclopes
  14 ugly things
  A kobold blastminer (Orc:1)
  A gargoyle (D:12)
  3 elephants (Lair:3)
  3 smoke demons (Lair:5)
  5 black mambas
  2 rime drakes
  2 unseen horrors (D:11)
  10 komodo dragons
  3 kobold demonologists
  Maggie (D:7)
  Jeremiah (D:6)
  15 cane toads
  A yaktaur (D:15)
  6 trolls
  A polar bear (Lair:2)
  2 hornets
  2 raiju (Lair:5)
  Prince Ribbit (D:7)
  6 dream sheep (Lair:4)
  32 blink frogs
  15 slime creatures
  A spriggan (shapeshifter) (Lair:5)
  A wraith (D:13)
  3 wyverns (D:8)
  2 water elementals (D:12)
  Sigmund (D:2)
  55 yaks
  A spriggan (Lair:5)
  11 basilisks
  3 shadows (D:11)
  A vampire (D:12)
  A ynoxinul (Lair:5)
  2 wargs (D:12)
  9 humans
  2 steam dragons
  2 chaos spawn (Lair:5)
  16 vampire mosquitoes
  Edmund (D:6)
  10 small abominations (Lair:5)
  An acid dragon (D:10)
  13 water moccasins
  2 ice beasts (D:6)
  14 orc warriors
  2 laughing skulls
  7 black bears
  5 ogres
  13 centaurs
  18 wolves
  A kobold brigand (D:7)
  A gnoll sergeant (D:10)
  9 bullfrogs
  6 scorpions
  7 wights (D:7)
  17 killer bees
  A jelly (D:7)
  2 oklob saplings (D:8)
  4 howler monkeys
  4 electric eels
  3 bombardier beetles
  11 orc priests
  Crazy Yiuf (D:2)
  2 hounds
  2 gnoll boudas
  2 sleepcaps
  4 iguanas
  12 orc wizards
  17 gnolls
  10 adders
  3 river rats (D:6)
  A white imp (D:7)
  5 dart slugs
  4 ribbon worms
  31 orcs
  6 endoplasms
  2 giant cockroaches (D:2)
  3 goblins
  5 hobgoblins
  4 jackals
  2 quokkas
  9 ball pythons
  3 bats
  2 frilled lizards
  14 kobolds
  4 rats
598 creatures vanquished.

Vanquished Creatures (collateral kills)
  7 ball lightnings (Lair:4)
7 creatures vanquished.

Vanquished Creatures (others)
  6 humans (Lair:3)
  172 ball lightnings
178 creatures vanquished.

Grand Total: 783 creatures vanquished

Notes
Turn   | Place    | Note
-------+----------+-------------------------------------------
     0 | D:1      | Sobieck the Oni Air Elementalist began the quest for the
                  | Orb.
     0 | D:1      | Reached XP level 1. HP: 16/16 MP: 3/3
   219 | D:1      | Reached skill level 1 in Conjurations
   421 | D:1      | Reached XP level 2. HP: 15/26 MP: 1/5
   994 | D:2      | Reached skill level 3 in Air Magic
  1011 | D:2      | Noticed Sigmund
  1104 | D:3      | Found a sparkling altar of Nemelex Xobeh.
  1203 | D:3      | Reached XP level 3. HP: 32/32 MP: 0/7
  1324 | D:3      | Reached skill level 1 in Fighting
  1333 | D:3      | Found a hide-covered altar of Uskayaw.
  1406 | D:2      | Reached skill level 3 in Spellcasting
  1559 | D:2      | Found a runed translucent door.
  1560 | D:2      | Noticed Crazy Yiuf
  1666 | D:2      | Reached XP level 4. HP: 41/41 MP: 3/8
  1908 | D:3      | Found an ancient bone altar of Kikubaaqudgha.
  2810 | D:4      | Noticed a black bear
  2817 | D:4      | Killed a black bear
  2818 | D:4      | Reached XP level 5. HP: 49/49 MP: 2/10
  2896 | D:4      | Found a sacrificial altar of Ru.
  3051 | D:4      | Reached XP level 6. HP: 48/58 MP: 7/11
  3273 | D:4      | Found a transporter.
  3273 | D:4      | Noticed ranchalot's ghost (novice OnEE)
  3279 | D:4      | Found a transporter.
  3391 | D:4      | Found a staircase to the Ecumenical Temple.
  3417 | Temple   | Entered the Ecumenical Temple
  3550 | D:4      | Reached skill level 3 in Conjurations
  3550 | D:4      | Reached skill level 4 in Air Magic
  3938 | D:4      | Learned a level 2 spell: Static Discharge
  3942 | D:4      | Learned a level 3 spell: Swiftness
  3947 | D:4      | Learned a level 4 spell: Airstrike
  3994 | D:5      | Entered Level 5 of the Dungeon
  4158 | D:5      | Reached XP level 7. HP: 66/66 MP: 7/13
  4169 | D:5      | Reached skill level 3 in Fighting
  4464 | D:2      | Killed Sigmund
  4815 | D:2      | Killed Crazy Yiuf
  5144 | D:5      | Reached XP level 8. HP: 78/78 MP: 8/15
  5332 | D:5      | Found a glowing silver altar of Zin.
  5492 | D:5      | Reached skill level 3 in Stealth
  5641 | D:6      | Reached skill level 5 in Air Magic
  5922 | D:6      | Found a radiant altar of Vehumet.
  5925 | D:6      | Found an opulent altar of Gozag.
  5932 | D:6      | Found a shadowy altar of Dithmenos.
  5943 | D:6      | Became a worshipper of Vehumet
  6001 | D:6      | Found a glowing golden altar of the Shining One.
  6003 | D:6      | Found a shimmering altar of Xom.
  6009 | D:6      | Found a hazy altar of Hepliaklqana.
  6289 | D:6      | Noticed Jeremiah
  6765 | D:6      | Noticed Edmund
  6780 | D:6      | Killed Edmund
  6929 | D:6      | Killed Jeremiah
  6930 | D:6      | Reached skill level 6 in Air Magic
  6930 | D:6      | Reached XP level 9. HP: 73/88 MP: 0/16
  7519 | D:7      | Noticed Maggie
  7529 | D:7      | Killed Maggie
  7675 | D:7      | Noticed Pikel
  7689 | D:7      | Killed Pikel
  7690 | D:7      | Reached skill level 6 in Fighting
  7690 | D:7      | Reached skill level 6 in Conjurations
  7752 | D:7      | Found Boulim's Weapon Boutique.
  7776 | D:7      | Noticed Prince Ribbit
  7784 | D:7      | Killed Prince Ribbit
  7785 | D:7      | Reached skill level 7 in Air Magic
  8100 | D:7      | Found Voysaklas's Distillery.
  8291 | D:7      | Bought a potion of mutation for 120 gold pieces
  8291 | D:7      | Bought a potion of heal wounds for 75 gold pieces
  8291 | D:7      | Bought a potion of degeneration for 15 gold pieces
  8291 | D:7      | Bought a potion of attraction for 45 gold pieces
  8573 | D:7      | Noticed a hornet
  8581 | D:7      | Killed a hornet
  8582 | D:7      | Reached XP level 10. HP: 79/100 MP: 7/17
  8771 | D:7      | Reached * piety under Vehumet
  8771 | D:7      | Offered knowledge of Foxfire by Vehumet.
  9360 | D:8      | Identified the amulet "Ynixu" {Will+ Regen+ rCorr Str-2
                  | Dex+4}
  9454 | D:8      | Reached skill level 8 in Air Magic
  9928 | D:8      | Found a staircase to the Lair.
  9952 | D:8      | Reached ** piety under Vehumet
 10020 | D:8      | Offered knowledge of Magic Dart by Vehumet.
 10021 | D:8      | Reached skill level 9 in Fighting
 10377 | D:8      | Found a runed translucent gate.
 10377 | D:8      | Found a runed translucent gate.
 10377 | D:8      | Found a runed translucent gate.
 10379 | D:8      | Noticed petzl's ghost (weakling FoDe)
 11250 | D:9      | Reached skill level 1 in Shields
 11263 | D:9      | Reached XP level 11. HP: 113/117 MP: 19/19
 11483 | D:9      | Noticed a red ugly thing
 11493 | D:9      | Killed a red ugly thing
 11794 | D:9      | Reached skill level 6 in Spellcasting
 12126 | D:10     | Entered Level 10 of the Dungeon
 12349 | D:10     | Offered knowledge of Volatile Blastmotes by Vehumet.
 12718 | D:10     | Found an ornate altar of the Wu Jian Council.
 12780 | D:10     | Noticed Sonja
 12782 | D:10     | Killed Sonja
 12967 | D:11     | Reached skill level 3 in Dodging
 12967 | D:11     | Reached *** piety under Vehumet
 13062 | D:11     | Noticed a red ugly thing
 13066 | D:11     | Killed a red ugly thing
 13204 | D:11     | Noticed a cyclops
 13210 | D:11     | Killed a cyclops
 13311 | D:11     | Noticed a boulder beetle
 13322 | D:11     | Killed a boulder beetle
 13323 | D:11     | Reached skill level 9 in Conjurations
 13323 | D:11     | Reached skill level 9 in Air Magic
 13821 | D:11     | Noticed a boulder beetle
 13830 | D:11     | Killed a boulder beetle
 13831 | D:11     | Reached skill level 3 in Shields
 14314 | D:11     | Upgraded the game from 0.32-a0-119-g2e8054a333 to
                  | 0.32-a0-120-gfac0567ad4
 14344 | D:12     | Noticed a cyclops
 14346 | D:12     | Noticed a green ugly thing
 14347 | D:12     | Killed a cyclops
 14348 | D:12     | Reached XP level 12. HP: 126/126 MP: 23/23
 14350 | D:12     | Offered knowledge of Brom's Barrelling Boulder by Vehumet.
 14447 | D:12     | Learned a level 4 spell: Iskenderun's Mystic Blast
 14725 | D:12     | HP: 4/126 [water elemental (5)]
 15076 | Lair:1   | Entered Level 1 of the Lair of Beasts
 15383 | Lair:1   | Reached skill level 1 in Translocations
 15496 | Lair:1   | Noticed Harold
 15499 | Lair:1   | Killed Harold
 15499 | Lair:1   | Reached **** piety under Vehumet
 16059 | Lair:1   | Offered knowledge of Irradiate by Vehumet.
 16073 | Lair:1   | Learned a level 5 spell: Irradiate
 16229 | Lair:1   | Reached skill level 1 in Alchemy
 16605 | Lair:2   | Noticed a six-headed hydra
 16611 | Lair:2   | Killed a six-headed hydra
 16612 | Lair:2   | Reached skill level 3 in Translocations
 16950 | Lair:2   | Reached skill level 3 in Alchemy
 17564 | Lair:2   | Reached XP level 13. HP: 133/133 MP: 23/25
 17981 | Lair:2   | Reached ***** piety under Vehumet
 17982 | Lair:2   | Reached skill level 6 in Alchemy
 18416 | Lair:3   | Noticed Gastronok
 18430 | Lair:3   | Gained mutation: You are dopey. (Int -2) [mutagenic glow]
 18434 | Lair:3   | Killed Gastronok
 18525 | Lair:3   | Found a hole to the Spider Nest.
 18778 | Lair:3   | Noticed Kirke
 18785 | Lair:3   | Killed Kirke
 18786 | Lair:3   | Reached skill level 10 in Air Magic
 19035 | Lair:3   | Offered knowledge of Conjure Ball Lightning by Vehumet.
 19042 | Lair:3   | Reached skill level 9 in Spellcasting
 19375 | Lair:2   | Learned a level 6 spell: Conjure Ball Lightning
 19404 | Lair:3   | Found a staircase to the Shoals.
 20920 | Lair:4   | Found a staircase to the Slime Pits.
 20920 | Lair:4   | Found a viscous altar of Jiyva.
 21574 | Lair:4   | Reached XP level 14. HP: 125/143 MP: 17/28
 21975 | Lair:4   | Noticed Rupert
 21996 | Lair:4   | Killed Rupert
 21997 | Lair:4   | Reached skill level 6 in Dodging
 22740 | Lair:4   | Identified the ring of Quddef {rF+ Int+2}
 22805 | Lair:5   | Entered Level 5 of the Lair of Beasts
 22831 | Lair:5   | Reached skill level 6 in Shields
 23372 | Lair:5   | Reached skill level 12 in Conjurations
 23945 | Lair:5   | Found the +8 longbow "Zephyr" {speed, Dex+3 SInv}
 25228 | Lair:5   | Found a corrupted altar of Lugonu.
 25228 | Lair:5   | Found a one-way gate to the infinite horrors of the Abyss.
 25796 | D:11     | Reached skill level 9 in Shields
 25802 | D:11     | Reached XP level 15. HP: 91/149 MP: 23/29
 25976 | D:12     | Found a staircase to the Orcish Mines.
 26034 | D:12     | Learned a level 6 spell: Conjure Ball Lightning
 26041 | D:12     | Learned a level 5 spell: Arcjolt
 26071 | D:12     | You fall into a shaft and drop 3 floors!
 26071 | D:15     | Entered Level 15 of the Dungeon
 26873 | D:13     | Offered knowledge of Bombard by Vehumet.
 28083 | D:13     | Reached skill level 11 in Air Magic
 28494 | D:14     | HP: 4/149 [vault guard/+0 glaive (16)]
 29610 | D:14     | Reached skill level 12 in Air Magic
 29911 | D:14     | Found a gate to the Vaults.
 30759 | D:15     | Offered knowledge of Fireball by Vehumet.
 30793 | D:15     | Learned a level 5 spell: Fireball
 30890 | D:15     | Reached skill level 1 in Fire Magic
 31073 | D:15     | Found a portal to a secret trove of treasure.
 31219 | D:15     | Found Goixex's Armour Emporium.
 31812 | D:15     | Found a broken altar of Ashenzari.
 31901 | D:15     | Reached skill level 3 in Fire Magic
 31901 | D:15     | Reached skill level 13 in Air Magic
 31952 | D:15     | Noticed a frost giant
 31954 | D:15     | Found a staircase to the Depths.
 31967 | D:15     | Killed a frost giant
 32315 | Orc:1    | Entered Level 1 of the Orcish Mines
 32379 | Orc:1    | Reached XP level 16. HP: 110/158 MP: 30/30
 32543 | Orc:1    | Found a bloodstained altar of Trog.
 32876 | Orc:1    | HP: 6/143 [ettin/+0 dire flail (12)]
 32877 | Orc:1    | HP: 2/143 [ettin/+0 dire flail (5)]
 32877 | Orc:1    | Slain by an ettin

Illustrated notes

Levels and vault maps discovered:
D:1:      nzn_arrival_crosshair, layout_basic
D:2:      layout_loops_ring, uniq_sigmund, uniq_crazy_yiuf_cottage
D:3:      layout_loops_ring, lemuel_round_altar,
          mainiacjoe_overflow_catch_the_wave
D:4:      layout_basic, nicolae_ru_awakened_eye, minmay_temple_entry_wispy,
          gammafunk_ghost_arena, kennysheep_cross_room
D:5:      layout_rooms, mainiacjoe_overflow_surrounded_room
D:6:      layout_loops_ring, nicolae_overflow_hallway_of_the_gods,
          portal_sewer_entry_e, due_unseen_surprise, uniq_edmund, uniq_jeremiah
D:7:      layout_basic, serial_shops, shop, nicolae_shop_bloodbath_and_beyond,
          uniq_pikel, uniq_prince_ribbit1, uniq_maggie
D:8:      layout_gridville, minmay_lair_entry_grove, ebering_ghost_rock_garden,
          introduction_to_nature_1
D:9:      layout_irregular_city, chequers_serial_rivers_small_3,
          grunt_ministairs_10, hex_large
D:10:     layout_cross, general_overflow_altar, uniq_sonja
D:11:     layout_stronghold
D:12:     layout_roguey, erik_orc_4, serial_bayou_lake_a
D:13:     layout_cave_pods
D:14:     layout_long_grid, ximxim_vaults_locker_room, kennysheep_donut
D:15:     grunt_enter_depths_snipers, layout_gridville, ashenzari_altar_1,
          nicolae_trove_entry_crossroad, serial_shops, nicolae_shop_tiny_glass
Temple:   dpeg_chambers_temple
Lair:1:   layout_cave_pods, serial_bayou_shore_a, serial_bayou_shore_b,
          grunt_megastairs_1, uniq_harold
Lair:2:   layout_regular_city, st_stairs_11, grunt_megastairs_4,
          serial_bayou_shore_b
Lair:3:   layout_long_grid, elwin_shoals_entry_rocks,
          nicolae_spider_entry_orb_guardian, grunt_megastairs_5, uniq_gastronok,
          uniq_kirke
Lair:4:   layout_layer_cave, slime_entry_1, enter_volcano_2,
          minmay_lindwurm_lava, serial_bayou_shore_b, uniq_rupert
Lair:5:   hellmonk_lair_end_abyssal_woods, layout_regular_city,
          dreamdust_gnoll_shepherd, infiniplex_staircase_pool_2
Orc:1:    layout_diamond_mine, basic_altar, trog_butcher_becter

Skill      XL: |  1  2  3  4  5  6  7  8  9 10 11 12 13 14 15 |
---------------+----------------------------------------------+-----
Conjurations   | 1 2 3 4 5 7 8 9 11 12 | 12.0
Air Magic      | 3 4 6 7 8 9 10 13 | 13.0
Fighting       | 1 2 3 5 6 10 | 10.0
Spellcasting   | 3 4 5 7 8 10 | 10.0
Stealth        | 2 3 4 5 |  5.0
Dodging        | 2 3 4 5 8 |  8.0
Shields        | 1 3 5 9 10 | 10.0
Translocations | 4 5 |  5.0
Alchemy        | 4 7 |  7.0
Fire Magic     | 4 |  4.6

Action                     |  1- 3 |  4- 6 |  7- 9 | 10-12 | 13-15 | 16-18 || total
---------------------------+-------+-------+-------+-------+-------+-------++-------
  Melee: Short sword       |    14 |    34 |    59 |    38 |    73 |     5 ||   223
         Headbutt          |     2 |     8 |    11 |    16 |    11 |       ||    48
         Punch             |       |     3 |     3 |     1 |       |       ||     7
  Throw: Dart              |       |       |       |     8 |       |       ||     8
   Cast: Shock             |    66 |    92 |   167 |   230 |     7 |       ||   562
         Static Discharge  |       |       |    55 |   151 |       |       ||   206
         Airstrike         |       |       |     3 |   117 |   136 |       ||   256
         Iskenderun's Myst |       |       |       |    14 |   103 |     1 ||   118
         Irradiate         |       |       |       |     9 |    79 |       ||    88
         Conjure Ball Ligh |       |       |       |       |    66 |       ||    66
         Arcjolt           |       |       |       |       |   115 |    17 ||   132
         Fireball          |       |       |       |       |    15 |       ||    15
         Swiftness         |       |       |       |       |     1 |       ||     1
    Use: Potion            |     1 |     4 |     1 |     3 |     4 |       ||    13
         Scroll            |       |     8 |     5 |     2 |    13 |       ||    28
   Stab: Sleeping          |     1 |     1 |       |       |     1 |       ||     3
 Armour: Robe              |    21 |    32 |   110 |       |       |       ||   163
         Steam dragon scal |       |       |    60 |   444 |   405 |    12 ||   921
  Dodge: Dodged            |     8 |    10 |    41 |   107 |   110 |     6 ||   282
  Block: Kite shield       |       |       |       |    64 |   233 |    16 ||   313

Table legend: (Time is in decaauts)
 A = Elapsed time spent in this place.
 B = Non-inter-level travel time spent in this place.
 C = Inter-level travel time spent in this place.
 D = Time resting spent in this place.
 E = Time spent auto-exploring this place.
 F = Levels seen in this place.
 G = Mean time per level.
                   A        B        C        D        E       F      G
               +--------+--------+--------+--------+--------+-----+--------+
         Total |  32916 |  31599 |   1317 |   9845 |  16689 |  22 | 1496.2 |
       Dungeon |  21935 |  20855 |   1080 |   5723 |  12103 |  15 | 1462.3 |
        Temple |      1 |      1 |      0 |      0 |      0 |   1 |    1.0 |
          Lair |  10415 |  10179 |    236 |   4011 |   4229 |   5 | 2083.0 |
  Orcish Mines |    563 |    563 |      0 |    111 |    357 |   1 |  563.0 |
               +--------+--------+--------+--------+--------+-----+--------+

Top non-repeatable levels by time:
  Lair:4: 2749 daAuts
  Lair:3: 2347 daAuts
    D:15: 2060 daAuts
  Lair:1: 1894 daAuts
     D:8: 1879 daAuts
    D:11: 1856 daAuts
    D:13: 1843 daAuts
  Lair:5: 1810 daAuts
    D:14: 1774 daAuts
     D:7: 1754 daAuts
     D:4: 1728 daAuts
  Lair:2: 1614 daAuts
     D:6: 1571 daAuts
    D:12: 1358 daAuts
     D:2: 1192 daAuts
